 Dungeon Crawl Stone Soup version 0.31-a0-626-g8143ab4f1d (webtiles) character file.

Game seed: 3770482026980626558

138 MoroccanLambKofta the Conjurer (level 5, -3/37 HPs)
             Began as a Demonspawn Conjurer on Aug 24, 2023.
             Slain by a gnoll
             ... wielding a +0 halberd
              (10 damage)
             ... on level 3 of the Dungeon.
             The game lasted 00:20:32 (2001 turns).

MoroccanLambKofta the Conjurer (DsCj)               Turns: 2001, Time: 00:20:33

Health: -3/37      AC:  4    Str:  7    XL:     5   Next: 1%
Magic:  9/9        EV: 12    Int: 20    God:
Gold:   60         SH:  0    Dex: 13    Spells: 5/9 levels left

rFire   . . .        k - +2 dagger (speed)
rCold   . . .        (no shield)
rNeg    . . .        a - +0 robe
rPois   .            (no helmet)
rElec   .            (no cloak)
rCorr   .            f - +0 pair of gloves
SInv    +            (no boots)
Will    .....        l - amulet of magic regeneration
Stlth   ++           q - ring of see invisible
HPRegen 0.26/turn    (no ring)
MPRegen 0.62/turn

%: no passive effects
@: no status effects
A: rugged brown scales 1, foul stench 1, magic regeneration
a: no special abilities


You were on level 3 of the Dungeon.
You visited 1 branch of the dungeon, and saw 3 of its levels.

You collected 60 gold pieces.

Inventory:

Hand Weapons
 e - a +0 dagger
 g - a +0 short sword
 h - a +1 dagger of draining
 k - a +2 dagger of speed (weapon)
 r - a +0 spear
Armour
 a - a +0 robe (worn)
 f - a +0 pair of gloves (worn)
Magical Staves
 o - a staff of death
Jewellery
 l - an amulet of magic regeneration (around neck)
 q - a ring of see invisible (left hand)
Talismans
 p - a flux talisman
Scrolls
 c - 2 scrolls of revelation {unknown}
 j - a scroll of fog {unknown}
 n - a scroll of vulnerability {unknown}
Potions
 b - a potion of magic
 d - a potion of curing
 i - 2 potions of brilliance {unknown}
 m - a potion of haste {unknown}


   Skills:
 + Level 0.5 Fighting
 + Level 0.6 Short Blades
 + Level 2.3 Dodging
 + Level 2.0 Stealth
 * Level 2.7 Spellcasting
 * Level 5.3 Conjurations


You had 5 spell levels left.
You knew the following spells:

 Your Spells              Type           Power      Damage    Failure   Level
a - Magic Dart            Conj           96%        1d7       1%          1
b - Searing Ray           Conj           48%        2d6       2%          2
c - Foxfire               Conj/Fire      52%        2x1d6     4%          1

Your spell library contained the following spells:

 Spells                   Type           Power      Damage    Failure   Level
 Dazzling Flash           Conj/Hex       26%        N/A       14%         3
 Call Canine Familiar     Summ           2%         N/A       41%         3
 Portal Projectile        Hex/Tloc       4%         N/A       41%         3
 Fulminant Prism          Conj/Hex       6%         3d7       43%         4
 Iskenderun's Mystic Bla  Conj/Tloc      13%        2d5       43%         4
 Leda's Liquefaction      Hex/Erth       1%         N/A       82%         4
 Plasma Beam              Fire/Air       1%         2x1d11    100%        6
 Starburst                Conj/Fire      6%         6d4       100%        6


Dungeon Overview and Level Annotations

Branches:
Dungeon (3/15)

Altars:


Innate Abilities, Weirdness & Mutations

You are partially covered in rugged brown scales. (AC +1, +3% HP)
You may rarely emit foul miasma when damaged in melee.
You regenerate magic rapidly.


Message History

The gnoll is moderately wounded.
The gnoll closely misses you.
You conjure some foxfire!
The gnoll hits you from afar with a +0 halberd!
The foxfire hits the gnoll.
The gnoll is heavily wounded.
The foxfire hits the gnoll but does no damage.
The gnoll is heavily wounded.
The gnoll hits you from afar with a +0 halberd!
* * * LOW HITPOINT WARNING * * *
You are too injured to fight recklessly!
You are too injured to fight recklessly!
You are too injured to fight recklessly!
You are too injured to fight recklessly!
You are too injured to fight recklessly!
You are too injured to fight recklessly!
You are too injured to fight recklessly!
You are too injured to fight recklessly!
You are too injured to fight recklessly!
You are too injured to fight recklessly!
The gnoll attacks as it pursues you! The gnoll barely misses you.
The gnoll attacks as it pursues you! The gnoll barely misses you.
The gnoll attacks as it pursues you!
The gnoll hits you from afar with a +0 halberd!
* * * LOW HITPOINT WARNING * * *
You are too injured to fight recklessly!
You hit the gnoll.
The gnoll is heavily wounded.
The gnoll barely misses you.
You hit the gnoll.
The gnoll is severely wounded.
The gnoll barely misses you.
You hit the gnoll but do no damage.
The gnoll is severely wounded.
You hit the gnoll but do no damage.
The gnoll is severely wounded.
The gnoll hits you with a +0 halberd.
* * * LOW HITPOINT WARNING * * *
You feel better. The gnoll hits you with a +0 halberd!
You die...

.#####...#
#....#........
.##......#
#.............
....†....#
#.............
##.......#
##............
#.......######......#.#
#...................# .
##......###.##......###
#......# #.##.g.......
#......# #....@.......
#......# ####......###
#......# #......#
########


You could see a gnoll.

Vanquished Creatures
  4 adders (D:2)
  3 gnolls (D:3)
  2 worms (D:2)
  3 dart slugs (D:2)
  4 ball pythons
  4 bats
  3 endoplasms
  3 giant cockroaches (D:1)
  7 hobgoblins
  4 jackals (D:2)
  8 kobolds
  2 quokkas
  4 frilled lizards
  4 goblins
  3 rats
58 creatures vanquished.

Vanquished Creatures (others)
  33 foxfires
33 creatures vanquished.

Grand Total: 91 creatures vanquished

Notes
Turn   | Place    | Note
-------+----------+-------------------------------------------
     0 | D:1      | MoroccanLambKofta the Demonspawn Conjurer began the quest
                  | for the Orb.
     0 | D:1      | Reached XP level 1. HP: 13/13 MP: 3/3
   251 | D:1      | Gained mutation: You regenerate magic rapidly. [demonic
                  | ancestry]
   251 | D:1      | Reached XP level 2. HP: 19/19 MP: 0/5
   482 | D:1      | Learned a level 2 spell: Searing Ray
   833 | D:2      | Reached XP level 3. HP: 20/24 MP: 4/6
  1153 | D:2      | Gained mutation: You may rarely emit foul miasma when
                  | damaged in melee. [demonic ancestry]
  1153 | D:2      | Reached XP level 4. HP: 31/31 MP: 4/7
  1227 | D:2      | Reached skill level 5 in Conjurations
  1671 | D:2      | Learned a level 1 spell: Foxfire
  1975 | D:3      | Identified the +0 leather armour "Begueriv" {rC++ Regen+
                  | Str-5 Slay+6}
  1976 | D:3      | Gained mutation: You are partially covered in rugged brown
                  | scales. (AC +1, +3% HP) [demonic ancestry]
  1976 | D:3      | Reached XP level 5. HP: 31/37 MP: 7/9
  2001 | D:3      | Slain by a gnoll

Illustrated notes

Levels and vault maps discovered:
D:1:      saegor_arrival_under_anarchy, layout_rooms
D:2:      layout_basic
D:3:      layout_basic, mainiacjoe_overflow_cross_hatched, serial_shops, shop

Skill      XL: |  1  2  3  4 |
---------------+-------------+-----
Dodging        | 2 |  2.3
Conjurations   | 5 |  5.3
Stealth        | 2 |  2.0
Fighting       | |  0.5
Short Blades   | |  0.6
Spellcasting   | |  2.7

Action                     |  1- 3 |  4- 6 || total
---------------------------+-------+-------++-------
  Melee: Dagger            |    23 |     6 ||    29
         Unarmed           |     5 |       ||     5
   Cast: Magic Dart        |    61 |    26 ||    87
         Searing Ray       |     1 |     2 ||     3
         Foxfire           |       |    19 ||    19
    Use: Scroll            |     1 |     1 ||     2
         Potion            |     1 |     1 ||     2
 Armour: Robe              |    17 |     2 ||    19
  Dodge: Dodged            |    36 |     9 ||    45

Table legend: (Time is in decaauts)
 A = Elapsed time spent in this place.
 B = Non-inter-level travel time spent in this place.
 C = Inter-level travel time spent in this place.
 D = Time resting spent in this place.
 E = Time spent auto-exploring this place.
 F = Levels seen in this place.
 G = Mean time per level.
                   A        B        C        D        E       F      G
               +--------+--------+--------+--------+--------+-----+--------+
         Total |   1997 |   1867 |    130 |      0 |    160 |   3 |  665.7 |
       Dungeon |   1997 |   1867 |    130 |      0 |    160 |   3 |  665.7 |
               +--------+--------+--------+--------+--------+-----+--------+

Top non-repeatable levels by time:
     D:2: 1011 daAuts
     D:1: 804 daAuts
     D:3: 180 daAuts
